 Dungeon Crawl Stone Soup version 0.24-a0-443-g80245de385 (webtiles) character file.

Game seed: 13902611867563230416

5749 emperorscorpion the Cleaver (level 10, -23/94 HPs)
             Began as a Deep Dwarf Berserker on June 20, 2019.
             Was a High Priest of Trog.
             Annihilated by an orc warrior
             ... wielding a +0 halberd
             ... led by an orc knight
              (33 damage)
             ... on level 2 of the Orcish Mines on June 21, 2019.
             The game lasted 00:24:39 (1932 turns).

emperorscorpion the Cleaver (Deep Dwarf Berserker)  Turns: 1932, Time: 00:24:39

Health: -23/94     AC: 10    Str: 24    XL:     10   Next: 49%
Magic:  1/2        EV: 13    Int:  8    God:    Trog [*****.]
Gold:   194        SH:  4    Dex: 12    Spells: 9/9 levels left

rFire    . . .     SeeInvis .   a - +1 war axe
rCold    . . .     Gourm    .   (no shield)
rNeg     . . .     Faith    .   n - +0 scale mail
rPois    +         Spirit   .   (helmet restricted)
rElec    .         Reflect  +   (no cloak)
rCorr    .         Harm     .   (no gloves)
MR       +....                  j - +1 pair of boots
Stlth    ..........             e - +4 amulet of reflection
HPRegen  0.00/turn              (no ring)
MPRegen  0.08/turn              (no ring)

@: berserk cooldown, non-regenerating, slowed, very slow
A: damage resistance, heal wounds, antennae 1, sense surroundings 2, poison
resistance, subdued magic 1, no regeneration
a: Heal Wounds, Berserk, Trog's Hand, Brothers in Arms, Renounce Religion


You were on level 2 of the Orcish Mines.
You worshipped Trog.
Trog was extremely pleased with you.
You were near starving.

You visited 2 branches of the dungeon, and saw 12 of its levels.
You also visited: Ossuary.

You collected 194 gold pieces.

Inventory:

Hand Weapons
 a - a +1 war axe (weapon)
 o - a +0 hand axe
Missiles
 f - 2 atropa-tipped darts
 m - 3 boomerangs (quivered)
Armour
 b - a +0 animal skin
 j - a +1 pair of boots (worn)
 n - a +0 scale mail (worn)
 w - a +0 chain mail
Jewellery
 e - a +4 amulet of reflection (around neck)
Wands
 q - a wand of random effects (20)
Scrolls
 d - a scroll of remove curse
 g - a scroll of magic mapping
Potions
 h - 2 potions of heal wounds
 k - a potion of curing
 l - 2 potions of flight
 p - a potion of berserk rage
 s - 2 potions of might
 t - a potion of brilliance
 v - a potion of resistance
Comestibles
 c - 5 rations
 i - 3 chunks of flesh


   Skills:
 + Level 7.0 Fighting
 + Level 11.5 Axes
 + Level 0.9 Throwing
 + Level 8.5 Armour
 + Level 6.7 Dodging
 - Level 1.3 Stealth
 * Level 1.4 Evocations


You had 9 spell levels left.
You didn't know any spells.
Your spell library contained the following spells:

 Spells                   Type           Power        Failure   Level  Hunger
 Magic Dart               Conj           #...         63%         1    ##.....
 Blink                    Tloc           N/A          77%         2    ###....
 Call Imp                 Summ           #.......     77%         2    ###....
 Slow                     Hex            #.......     77%         2    ###....
 Conjure Flame            Conj/Fire      #.......     94%         3    ####...
 Mephitic Cloud           Conj/Pois/Air  #.......     94%         3    ####...


Dungeon Overview and Level Annotations

Branches:
Dungeon (10/15)            Temple (0/1) D:4            Lair (0/6) D:9
    Orc (2/2) D:9
    Elf: Orc:2

Altars:

Shops:
D:5 :

Annotations:
D:6 1 runed translucent door, Ijustatesigmund's ghost, novice OgHu
Orc:2 Erolcha


Innate Abilities, Weirdness & Mutations

You are resistant to damage.
You can heal yourself by infusing magical energy.
You passively map the area around you.
You do not regenerate.
You have a pair of small antennae on your head.
Your system is resistant to poisons. (rPois)
Your spells are a little easier to cast, but a little less powerful.


Message History

You closely miss Erolcha.
The orc priest no longer looks unusually strong.
The orc no longer looks unusually strong.
The orc warrior closely misses you.
Unknown command.
Unknown command.
You are near starving!
You closely miss the orc knight.
The orc knight is severely wounded.
You closely miss Erolcha. You closely miss the orc warrior. Erolcha misses you.
Unknown command.
You barely miss the orc knight.
The orc knight is severely wounded.
You slash Erolcha! You closely miss the orc priest.
You closely miss the orc warrior.
You are no longer berserk.
You are exhausted.
You feel yourself slow down.
The orc warrior hits you from afar with a +0 halberd!!
You die...

* * #* ######*## *
##. ###o@#.#..# * , ,
* , #...#..Oooo....#,
, .#........oo..#. ,
, .........<........,
, ,
,..........o.......
,,
,....o.....o..$.... ,
, ,
,.............o$..$ ,
,, ,
.................. ,*
,,....o............,,
,


You could see 2 orc knights, Erolcha, 3 orc warriors, an orc priest and 4 orcs.

Vanquished Creatures
  A two-headed ogre (D:9)
  An orc sorcerer (Orc:1)
  A cyclops (D:9)
  Grum (D:9)
  Menkaure (D:5)
  4 wargs
  2 ice beasts
  A phantom (D:7)
  8 orc warriors
  5 ogres
  A sky beast (D:9)
  3 wolves (D:9)
  3 bullfrogs
  7 scorpions
  3 killer bees (D:9)
  4 wights (D:7)
  A crimson imp (D:9)
  4 centaur zombies
  A bullfrog zombie (D:5)
  A hound (D:4)
  2 human zombies (Ossuary)
  10 orc priests
  Natasha (twice) (D:3)
  7 orc wizards
  2 worker ants
  3 big kobold zombies (Ossuary)
  3 mummies (Ossuary)
  A hound skeleton (D:9)
  A worker ant zombie (D:6)
  4 scorpion zombies (Ossuary)
  An adder (D:6)
  An adder zombie (D:9)
  A dart slug (D:4)
  A leopard gecko (D:1)
  26 orcs
  2 goblins
  5 hobgoblins
  3 bats
  3 frilled lizards
  2 gnoll zombies (Ossuary)
  A hobgoblin zombie (Ossuary)
  A kobold zombie (Ossuary)
  2 orc zombies (Ossuary)
  3 rats (D:1)
140 creatures vanquished.

Vanquished Creatures (others)
  A quokka (D:7)
  A goblin zombie (Ossuary)
  A hobgoblin zombie (Ossuary)
3 creatures vanquished.

Grand Total: 143 creatures vanquished

Notes
Turn   | Place    | Note
-------+----------+-------------------------------------------
     0 | D:1      | emperorscorpion the Deep Dwarf Berserker began the quest
                  | for the Orb.
     0 | D:1      | Reached XP level 1. HP: 20/20 MP: 1/1
   126 | D:1      | Reached XP level 2. HP: 21/27 MP: 2/2
   373 | D:3      | Noticed Natasha
   392 | D:3      | Killed Natasha
   392 | D:3      | Reached XP level 3. HP: 15/34 MP: 2/2
   459 | D:3      | Reached skill level 4 in Axes
   459 | D:3      | Reached XP level 4. HP: 26/42 MP: 3/3
   549 | D:3      | Noticed Natasha
   565 | D:3      | Killed Natasha
   580 | D:3      | Reached ** piety under Trog
   580 | D:3      | Reached skill level 1 in Stealth
   626 | D:4      | Found a staircase to the Ecumenical Temple.
   651 | D:4      | Reached XP level 5. HP: 33/50 MP: 3/3
   662 | D:4      | Reached skill level 5 in Axes
   666 | D:5      | Entered Level 5 of the Dungeon
   666 | D:5      | Found Doki's Book Boutique.
   666 | D:5      | Noticed an ice beast
   695 | D:4      | Noticed an ogre
   701 | D:4      | Killed an ogre
   701 | D:4      | Reached XP level 6. HP: 57/57 MP: 4/4
   713 | D:4      | Found a sand-covered staircase.
   717 | Ossuary  | Entered an ossuary
   818 | Ossuary  | Reached skill level 6 in Axes
   826 | Ossuary  | Reached XP level 7. HP: 64/66 MP: 4/4
   989 | Ossuary  | Reached skill level 7 in Axes
  1005 | Ossuary  | Reached *** piety under Trog
  1095 | D:5      | Noticed Menkaure
  1117 | D:5      | Killed Menkaure
  1117 | D:5      | Reached skill level 5 in Fighting
  1117 | D:5      | Reached XP level 8. HP: 17/74 MP: 3/3
  1169 | D:6      | Reached skill level 8 in Axes
  1222 | D:7      | Reached skill level 5 in Armour
  1290 | D:6      | Found a runed translucent door.
  1298 | D:6      | Noticed Ijustatesigmund's ghost (novice OgHu)
  1413 | D:7      | Reached skill level 5 in Dodging
  1460 | D:8      | Gained mutation: Your system is resistant to poisons.
                  | (rPois) [potion of mutation]
  1460 | D:8      | Gained mutation: Your spells are a little easier to cast,
                  | but a little less powerful. [potion of mutation]
  1460 | D:8      | Gained mutation: You have a pair of small antennae on your
                  | head. [potion of mutation]
  1508 | D:9      | Noticed a two-headed ogre
  1514 | D:9      | Reached skill level 9 in Axes
  1526 | D:9      | HP: 1/75 [two-headed ogre/+0 giant club (19)]
  1550 | D:9      | Killed a two-headed ogre
  1550 | D:9      | Gained mutation: You passively map the area around you.
                  | [Deep Dwarf growth]
  1550 | D:9      | Reached XP level 9. HP: 61/82 MP: 3/3
  1563 | D:9      | Found a staircase to the Orcish Mines.
  1580 | D:9      | Noticed a cyclops
  1590 | D:9      | Killed a cyclops
  1601 | D:10     | Entered Level 10 of the Dungeon
  1608 | Orc:1    | Entered Level 1 of the Orcish Mines
  1624 | Orc:1    | Reached **** piety under Trog
  1654 | Orc:1    | Noticed an orc sorcerer
  1660 | Orc:1    | Noticed a sun demon
  1714 | D:9      | Found a staircase to the Lair.
  1715 | D:9      | Noticed Grum
  1724 | D:9      | Reached skill level 10 in Axes
  1745 | D:9      | Reached XP level 10. HP: 71/92 MP: 3/3
  1755 | D:9      | Killed Grum
  1784 | D:9      | Upgraded the game from 0.24-a0-441-g27f0392e16 to
                  | 0.24-a0-443-g80245de385
  1818 | Orc:1    | Killed an orc sorcerer
  1818 | Orc:1    | Reached skill level 11 in Axes
  1880 | Orc:2    | Entered Level 2 of the Orcish Mines
  1903 | Orc:2    | Noticed Erolcha
  1904 | Orc:2    | Reached skill level 1 in Evocations
  1907 | Orc:2    | Noticed an orc knight
  1926 | Orc:2    | Noticed an orc knight
  1928 | Orc:2    | Reached ***** piety under Trog
  1932 | Orc:2    | Annihilated by an orc warrior

Levels and vault maps discovered:
D:1:      elethiomel_arrival_infinity_welcomes_careful_drivers, layout_basic
D:2:      layout_loops_ring
D:3:      layout_loops_cross, uniq_natasha
D:4:      layout_rooms, kennysheep_slug_shrine, xom_butterflies,
          gammafunk_temple_overflow_statue, temple_fountains,
          nicolae_ossuary_entry_plus, first_ration, okawaru_ov_weapons_minmay
D:5:      layout_basic, serial_shops, shop, uniq_menkaure
D:6:      layout_rooms, ebering_ghost_sewer_d, nicolae_tso_besieged_by_evil
D:7:      layout_loops_cross, nemelex_xobeh_ov_fountains_minmay,
          elyvilon_altar_4
D:8:      layout_layer_cave, basic_altar, nzn_random_ring
D:9:      layout_loops_ring, erik_lair_orcish_takeover, orc_0_dummy, uniq_grum
D:10:     layout_gridville, onia_ninara_cookie
Orc:1:    layout_diamond_mine, basic_altar, led_sif_book
Orc:2:    pf_orc_diabolical, layout_caves, uniq_jorgrun, uniq_erolcha,
          uniq_donald, uniq_nessos

Skill      XL: |  1  2  3  4  5  6  7  8  9 10 |
---------------+-------------------------------+-----
Fighting       | 3 4 5 6 7 |  7.0
Axes           | 4 5 6 7 9 10 11 | 11.5
Dodging        | 3 4 5 6 |  6.7
Stealth        | 1 |  1.3
Armour         | 3 4 6 8 |  8.5
Evocations     | 1 |  1.4
Throwing       | |  0.9

Action                   |  1- 3 |  4- 6 |  7- 9 | 10-12 || total
-------------------------+-------+-------+-------+-------++-------
Melee: Hand axe          |    64 |   141 |   168 |       ||   373
       War axe           |       |       |    92 |    93 ||   185
Throw: Boomerang         |       |     4 |     4 |       ||     8
Invok: Berserk           |     2 |     4 |    11 |     2 ||    19
       Trog's Hand       |       |       |       |     2 ||     2
 Abil: Heal Wounds       |     1 |     5 |    26 |     9 ||    41
  Use: Scroll            |     1 |       |    12 |       ||    13
       Potion            |       |       |     6 |       ||     6
 Stab: Sleeping          |     1 |       |       |       ||     1
  Eat: Chunk             |       |     5 |    11 |     2 ||    18
       Ration            |       |       |     1 |       ||     1
Armor: Animal skin       |    12 |     4 |       |       ||    16
       Scale mail        |       |    36 |    65 |    26 ||   127
Dodge: Dodged            |    28 |    93 |   185 |    61 ||   367
Block: Other             |     8 |    22 |    46 |    20 ||    96
       Reflection        |     1 |       |       |       ||     1

Table legend:
 A = Non-vault XP
 B = Vault XP
 C = Vault XP percentage of total XP
 D = Non-vault monster count
 E = Vault monster count
 F = Vault count percentage of total count
                 A         B        C        D         E       F
            +---------+---------+-------+---------+---------+-------
      Total |    6182 |    2031 |  24.7 |     100 |      39 |  28.1
            +---------+---------+-------+---------+---------+-------
        D:1 |      15 |       0 |   0.0 |      10 |       0 |   0.0
        D:2 |       4 |       0 |   0.0 |       2 |       0 |   0.0
        D:3 |     139 |      36 |  20.6 |      14 |       1 |   6.7
        D:4 |     256 |       4 |   1.5 |       5 |       1 |  16.7
        D:5 |     182 |     172 |  48.6 |       2 |       1 |  33.3
        D:6 |     400 |       0 |   0.0 |      10 |       0 |   0.0
        D:7 |     604 |       0 |   0.0 |       9 |       0 |   0.0
        D:9 |    1969 |    1051 |  34.8 |      11 |      11 |  50.0
      Orc:1 |    1964 |       0 |   0.0 |      25 |       0 |   0.0
      Orc:2 |     649 |       0 |   0.0 |      12 |       0 |   0.0
    Ossuary |       0 |     768 | 100.0 |       0 |      25 | 100.0
            +---------+---------+-------+---------+---------+-------
